 Dungeon Crawl Stone Soup version 0.14-a0-1837-g7fb8695 (webtiles) character file.

213 M4edhros the Vexing (level 5, 0/33 HPs)
             Began as an Octopode Arcane Marksman on Jan 10, 2014.
             Slain by Sigmund
             ... wielding a +0,+0 scythe
              (13 damage)
             ... on Level 4 of the Dungeon.
             The game lasted 00:02:31 (2892 turns).

M4edhros the Vexing (Octopode Arcane Marksman)      Turns: 2892, Time: 00:02:31

HP   0/33        AC  3     Str  9 (10) XL: 5   Next:  5%
MP   9/9         EV 13     Int 16      God:
Gold 92          SH  0     Dex 12      Spells:  1 memorised,  8 levels left

rFire  . . .     SeeInvis .     p - +1,+0 spear (venom)
rCold  . . .     Clarity  .     (no shield)
rNeg   . . .     Conserve +     t - +2 wizard hat
rPois  .         rCorr    .     u - amulet of conservation {unknown}
rElec  .         rRot     .     (no ring)
SustAb . .       Spirit   .     (no ring)
rMut   .         Warding  .     (no ring)
Saprov . . .     Stasis   .     (no ring)
                                (no ring)
                                (no ring)
                                (no ring)
                                (no ring)

@: slightly resistant to hostile enchantments, fairly stealthy
A: almost no armour, amphibious, 8 rings, constrict 8, camouflage 1, gelatinous
body 1
a: no special abilities


You were on level 4 of the Dungeon.
You were hungry.

You visited 1 branch of the dungeon, and saw 4 of its levels.

You collected 92 gold pieces.

Inventory:

Hand weapons
 b - a +0,+0 sling
 p - a +1,+0 spear of venom (weapon)
Missiles
 c - 25 sling bullets
Armour
 t - a +2 wizard hat (worn)
Comestibles
 f - a bread ration
 q - 2 meat rations
Scrolls
 e - a scroll of identify {unknown}
 h - a scroll of amnesia
 n - 3 scrolls of remove curse {unknown}
Jewellery
 u - an amulet of conservation (around mantle) {unknown}
Potions
 a - a potion of speed
 i - a potion of curing
 k - a potion of blood
 o - a potion of berserk rage
Books
 d - a book of Debilitation

   Spells                             Type                      Level
   *Corona                            Hexes                        1
   Slow                               Hexes                        2
   Inner Flame                        Hexes/Fire                   3
   Enslavement                        Hexes                        4
   Cause Fear                         Hexes                        4
   Leda's Liquefaction                Hexes/Earth                  4


   Skills:
 - Level 1.0 Fighting
 + Level 2.6 Slings
 + Level 3.0 Dodging
 * Level 2.6 Spellcasting
 + Level 3.7 Hexes


You had 8 spell levels left.
You knew the following spells:

 Your Spells              Type           Power        Failure   Level  Hunger
a - Corona                Hex            ##.....      6%          1    #......


Dungeon Overview and Level Annotations

Branches:
Dungeon (4/16)
 Temple: D:4-7

Altars:
Fedhas

Annotations:
D:4 Sigmund


Innate Abilities, Weirdness & Mutations

You cannot wear most types of armour.
You are amphibious.
You can wear up to eight rings at the same time.
You can use your tentacles to constrict many enemies at once.
Your skin changes colour to match your surroundings (Stlth).
Your rubbery body absorbs attacks (AC +1).


Message History

There is a stone staircase leading down here.
You climb downwards.
Sigmund comes into view.
He is wielding a scythe.
Found a metallic red potion and 10 gold pieces.
Found a stone staircase leading up.
There is a stone staircase leading up here.
Sigmund is nearby!
Attack whom?
Press: ? - help, Dir - move target cursor, f - Sigmund
Aim: Sigmund, wielding a scythe and wearing a robe (resting)
You reach to attack!
The helpless Sigmund fails to defend himself.
You hit Sigmund but do no damage.
Sigmund is poisoned.
Sigmund hits you from afar with a scythe!
Attack whom?
Press: ? - help, Dir - move target cursor, f/p - Sigmund
Aim: Sigmund, wielding a scythe and wearing a robe (poisoned)
You reach to attack!
You closely miss Sigmund.
Sigmund hits you from afar with a scythe!
You die...

... .<. ........
......... .........
...........
....[..................
....s>..............$...
........................
.oos....?..!............
.o.......................
...<............@........
#############.....#######
#....@# #.....# #.....#
#.....# #.....# #.....#
...


You could see Sigmund.

Vanquished Creatures
  A scorpion (D:3)
  4 adders
  A worm (D:3)
  3 giant geckos (D:2)
  7 hobgoblins
  4 jackals (D:2)
  A quokka (D:3)
  A ball python (D:2)
  10 bats
  2 giant cockroaches (D:3)
  4 giant newts
  9 goblins
  5 kobolds
  5 rats
57 creatures vanquished.

Notes
Turn   | Place    | Note
--------------------------------------------------------------
     0 | D:1      | M4edhros, the Octopode Arcane Marksman, began the quest for the Orb.
     0 | D:1      | Reached XP level 1. HP: 13/13 MP: 2/2
   220 | D:1      | Reached XP level 2. HP: 18/18 MP: 3/3
   934 | D:2      | Reached XP level 3. HP: 14/23 MP: 5/5
  1873 | D:2      | Reached XP level 4. HP: 19/28 MP: 7/7
  2313 | D:3      | Found a blossoming altar of Fedhas.
  2753 | D:3      | Reached XP level 5. HP: 23/33 MP: 9/9
  2890 | D:4      | Noticed Sigmund
  2892 | D:4      | Slain by Sigmund

Action                   |  1- 3 |  4- 6 || total
-------------------------+-------+-------++-------
Melee: Spear             |       |    41 ||    41
 Fire: Sling             |    91 |    11 ||   102
  Use: Scroll            |       |     8 ||     8
       Potion            |       |     6 ||     6
 Stab: Sleeping          |       |     4 ||     4
